 Dungeon Crawl Stone Soup version 0.30-a0-234-g97d66968fd (webtiles) character file.

Game seed: 13253213385873676170

56 qw the Chopper (level 3, -12/23 HPs)
             Began as a Gargoyle Fighter on Oct 10, 2022.
             Killed by divine providence
             ... invoked by an orc priest
              (15 damage)
             ... on level 3 of the Dungeon.
             The game lasted 00:00:31 (1522 turns).

qw the Chopper (Gargoyle Fighter)                   Turns: 1522, Time: 00:00:32

Health: -12/23     AC: 10    Str: 21    XL:     3   Next: 97%
Magic:  3/3        EV:  9    Int:  8    God:
Gold:   108        SH:  4    Dex:  9    Spells: 2/2 levels left

rFire   . . .      SeeInvis .    Y - +0 war axe
rCold   . . .      Faith    .    c - +0 buckler
rNeg    + . .      Spirit   .    b - +0 scale mail
rPois   inf        Reflect  .    (no helmet)
rElec   +          Harm     .    (no cloak)
rCorr   .          Rampage  .    (no gloves)
Will    .....                    (no boots)
Stlth   ..........               (no amulet)
HPRegen 0.23/turn                (no ring)
MPRegen 0.08/turn                (no ring)

@: no status effects
A: sickness immunity, AC +3, negative energy resistance 1, electricity
resistance, torment resistance 1, petrification resistance
a: no special abilities


You were on level 3 of the Dungeon.
You visited 1 branch of the dungeon, and saw 3 of its levels.

You collected 108 gold pieces.


Innate Abilities, Weirdness & Mutations

You are immune to sickness and miasma.
Your stone body is resilient. (AC +3)
You are immune to poison.
You resist negative energy. (rN+)
You are resistant to electric shocks. (rElec)
You are resistant to unholy torment.
You are immune to petrification.


   Skills:
 - Level 3.2 Fighting
 + Level 3.7 Axes
 - Level 3.2 Armour
 - Level 3.2 Shields


You had 2 spell levels left.
You didn't know any spells.
Your spell library was empty.

Inventory:

Hand Weapons
 i - a +0 whip
 Y - a +0 war axe (weapon)
Missiles
 k - 3 boomerangs (quivered)
Armour
 b - a +0 scale mail (worn)
 c - a +0 buckler (worn)
Jewellery
 a - a +6 ring of strength
Potions
 d - 3 potions of might
 e - a potion of ambrosia {unknown}
 g - a potion of brilliance {unknown}
 h - a potion of degeneration {unknown}
 j - a potion of curing {unknown}

Dungeon Overview and Level Annotations

Branches:
Dungeon (3/15)

Altars:


Message History

The orc hits you with a +1 flail of protection.
You hit the orc.
You kill the orc!
You hit the goblin.
You kill the goblin!
The kobold hits you but does no damage.
An orc priest comes into view. It is wielding a +0 dagger.
You closely miss the kobold. The kobold barely misses you.
You barely miss the kobold.
The kobold hits you but does no damage. x2
You barely miss the kobold.
An orc comes into view. It is wielding a +0 trident.
The kobold hits you with a +0 short sword.
You closely miss the kobold.
The orc shouts!
You hear a shout!
The kobold hits you but does no damage. The orc hits you but does no damage.
You hit the kobold.
You kill the kobold!
The orc priest calls down the wrath of Beogh upon you.
Pain shoots through your body!
The orc hits you from afar with a +0 trident. x2
You block the orc's attack.
You hit the orc.
The orc is lightly wounded.
The orc barely misses you. x2
You barely miss the orc.
The orc is lightly wounded.
The orc hits you with a +0 flail! The orc hits you but does no damage.
You closely miss the orc.
The orc is lightly wounded.
The orc closely misses you. The orc barely misses you.
The orc hits you from afar with a +0 trident.
The orc barely misses you.
You hit the orc.
The orc is moderately wounded.
The orc priest calls down the wrath of Beogh upon you.
Beogh smites you!
Ouch! That really hurt!
You die...

####### #.. ..# #.#
#.#######
#@###........
######o#......######
#.....oo............#
#...###.#.#.##..###.#
## #.#.#..#..###.#
#.#.#..#......#
#.#...<%.###..#
)...........<...>
##.............#.


You could see an orc priest and 2 orcs.

Vanquished Creatures
  2 adders
  A worm (D:2)
  2 dart slugs (D:1)
  An orc (D:3)
  3 ball pythons
  2 endoplasms
  2 giant cockroaches (D:2)
  6 goblins
  A hobgoblin (D:2)
  5 kobolds
  A bat (D:2)
  2 frilled lizards
  A rat (D:2)
29 creatures vanquished.

Notes
Turn   | Place    | Note
-------+----------+-------------------------------------------
     0 | D:1      | qw the Gargoyle Fighter began the quest for the Orb.
     0 | D:1      | Reached XP level 1. HP: 14/14 MP: 1/1
     0 | D:1      | 0 ||| qw: Version: 0.2-a-17-g06abaee
     0 | D:1      | 0 ||| qw: Game counter: 2354
     0 | D:1      | 0 ||| qw: Always use a shield: true
     0 | D:1      | 0 ||| qw: God list: Okawaru
     0 | D:1      | 0 ||| qw: Allow faded altars: false
     0 | D:1      | 0 ||| qw: Do Orc after D:15 true
     0 | D:1      | 0 ||| qw: Do second Lair branch before Depths: true
     0 | D:1      | 0 ||| qw: Lair rune preference: random
     0 | D:1      | 0 ||| qw: Plans: Normal, Zot:1-4, God:TSO, Crypt, Tomb,
                  | Pan, Slime:5, Hells, Abyss, Orb
     0 | D:1      | 0 ||| PLANNING D:1-11
   209 | D:1      | 209 ||| Stepping ~*~*~tactically~*~*~ (hiding).
   220 | D:1      | Reached XP level 2. HP: 19/19 MP: 2/2
   755 | D:2      | 755 ||| Stepping ~*~*~tactically~*~*~ (stealth).
   763 | D:2      | 763 ||| Stepping ~*~*~tactically~*~*~ (stealth).
   777 | D:2      | Reached skill level 3 in Axes
   782 | D:2      | 782 ||| Stepping ~*~*~tactically~*~*~ (stealth).
   783 | D:2      | 783 ||| Stepping ~*~*~tactically~*~*~ (stealth).
   785 | D:2      | 785 ||| DROPPING +0 club.
   929 | D:2      | Reached XP level 3. HP: 23/23 MP: 3/3
  1415 | D:2      | Identified the +5 dagger of Dotyecam {speed, rPois rF+ rN+
                  | Dex+5}
  1459 | D:2      | 1459 ||| READING scroll labelled IMYKHL NIGG.
  1520 | D:3      | HP: 5/23 [orc/+0 flail (7)]
  1522 | D:3      | Killed from afar by an orc priest

Levels and vault maps discovered:
D:1:      nzn_arrival_depleted_hourglass, layout_loops_ring,
          nicolae_figureground_sparkle
D:2:      layout_loops_cross
D:3:      layout_basic, nicolae_vehumet_altar_sigil,
          nicolae_overflow_crystal_walls, mainiacjoe_overflow_paths,
          ebering_ghost_rock_garden, minmay_misc_feat_room

Skill      XL: |  1  2 |
---------------+-------+-----
Axes           | 2 3 |  3.7
Fighting       | |  3.2
Armour         | |  3.2
Shields        | |  3.2

Action                   || total
-------------------------++-------
Melee: War axe           ||   113
Throw: Boomerang         ||     7
  Use: Scroll            ||     1
Armor: Scale mail        ||    61
Dodge: Dodged            ||    60
Block: Buckler           ||    22

Table legend:
 A = Non-vault XP
 B = Vault XP
 C = Vault XP percentage of total XP
 D = Non-vault monster count
 E = Vault monster count
 F = Vault count percentage of total count
                 A         B        C        D         E       F
            +---------+---------+-------+---------+---------+-------
      Total |      81 |       0 |   0.0 |      29 |       0 |   0.0
            +---------+---------+-------+---------+---------+-------
        D:1 |      21 |       0 |   0.0 |       9 |       0 |   0.0
        D:2 |      40 |       0 |   0.0 |      16 |       0 |   0.0
        D:3 |      20 |       0 |   0.0 |       4 |       0 |   0.0
            +---------+---------+-------+---------+---------+-------
